 Dungeon Crawl Stone Soup version 0.25-a0-10-g2fe12d4386 (webtiles) character file.

Game seed: 428512388918505067, levelgen mode: deterministic

21 Flugkiller the Scratcher (level 2, -2/14 HPs)
             Began as a Felid Chaos Knight on Oct 14, 2019.
             Was a Plaything of Xom.
             Killed from afar by a dart slug (6 damage)
             ... with a slug dart
             ... on level 1 of the Dungeon.
             The game lasted 00:01:57 (827 turns).

Flugkiller the Scratcher (Felid Chaos Knight)        Turns: 827, Time: 00:01:58

Health: -2/14      AC:  1    Str:  8    XL:     2   Next: 62%
Magic:  3/3        EV: 18    Int: 18    God:    Xom [.*....]
Gold:   20         SH:  0    Dex: 15    Spells: 1/1 levels left
                                        Lives:  0   Deaths: 0

rFire    . . .     SeeInvis +     - Unarmed
rCold    . . .     Gourm    .   (shield unavailable)
rNeg     . . .     Faith    .   (armour unavailable)
rPois    .         Spirit   .   (helmet unavailable)
rElec    .         Reflect  .   (cloak unavailable)
rCorr    .         Harm     .   (gloves unavailable)
MR       .....                  (boots unavailable)
Stlth    ++........             (no amulet)
HPRegen  0.04/turn              (no ring)
MPRegen  0.08/turn              (no ring)

@: brilliant, quick
A: very small, no armour, no weapons or thrown items, stealth, claws 1, fangs 3,
see invisible, carnivore, speed 1, shaggy fur 1, slow metabolism 1, sharp paws
a: Renounce Religion


You were on level 1 of the Dungeon.
You worshipped Xom.
You were a plaything of Xom.
You were completely stuffed.

You visited 1 branch of the dungeon, and saw 1 of its levels.

You collected 20 gold pieces.

Inventory:

Scrolls
 b - a scroll of identify {unknown}
Comestibles
 a - 2 rations
 c - 3 chunks of flesh


   Skills:
 - Level 3.0 Fighting
 - Level 3.2 Dodging
 + Level 4.0 Unarmed Combat


You had one spell level left.
You didn't know any spells.
Your spell library was empty.

Dungeon Overview and Level Annotations

Branches:
Dungeon (1/15)

Altars:


Innate Abilities, Weirdness & Mutations

You cannot wear armour.
You are incapable of wielding weapons or throwing items.
Your paws allow you to move quietly. (Stealth)
You have sharp claws.
You have razor-sharp teeth.
You have supernaturally acute eyesight. (SInv)
You are carnivorous and can eat meat at any time.
You cover ground quickly.
You are covered in fur. (AC +1)
You have a slow metabolism.
Your sharp claws are effective at attacking unaware monsters.


Message History

The jackal is heavily wounded.
The jackal bites you.
You scratch the jackal but do no damage.
The jackal is heavily wounded.
The jackal closely misses you.
You barely miss the jackal.
The jackal is heavily wounded.
The jackal misses you. The jackal bites you.
It was a potion of brilliance.
You feel clever all of a sudden. The jackal closely misses you.
Unknown command.
Unknown command.
You closely miss the jackal.
The jackal is heavily wounded.
The jackal completely misses you.
You scratch the jackal.
You kill the jackal!
The jackal closely misses you.
You scratch the jackal. You bite the jackal, but do no damage.
The jackal is almost dead.
The jackal bites you.
* * * LOW HITPOINT WARNING * * *
You barely miss the jackal. You claw the jackal.
You kill the jackal!
You scratch the jackal.
The jackal is moderately wounded.
Xom's power touches on your mind for a moment.
The rat looks rather confused.
The jackal looks rather confused. x2
The dart slug looks rather confused.
The jackal closely misses the rat.
The jackal barely misses the rat.
The jackal bites itself but does no damage.
The dart slug bites the jackal.
The rat bites the jackal.
You scratch the jackal.
You kill the jackal!
Your Unarmed Combat skill increases to level 4!
The dart slug bites the jackal.
The dart slug bites itself.
You scratch the rat.
You kill the rat!
The dart slug seems less confused.
The jackal bites the dart slug but does no damage.
The jackal bites you.
* * * LOW HITPOINT WARNING * * *
Things that are here:
a rat corpse; a jackal corpse x2
You barely miss the jackal.
The jackal is severely wounded.
The dart slug launches a dart at you. The slug dart hits you.
You die...

#.# ###.####### #..#
#.# #>........# #..#
#.# #.#######.#
#..### ###.# #.#
#...#########.....
....######.#
#.#...........####
.(....g....#
#...##............
#.##.#.###.# #
#....###########
#.##.#.#
#.#######w#### #
#.##.#)# #......@..#
#
#.##.#.###..#####.h#
# #...........# #.##
# ####.#.####.# #..
# #....# .# #.##
###....## .# #.#
#.......# .. ..#
........# #. ###
#(......# .#


You could see a dart slug and a jackal (confused).

Vanquished Creatures
  A dart slug (D:1)
  A giant cockroach (D:1)
  2 goblins (D:1)
  A hobgoblin (D:1)
  3 jackals (D:1)
  2 bats (D:1)
  A frilled lizard (D:1)
  3 kobolds (D:1)
  4 rats (D:1)
18 creatures vanquished.

Vanquished Creatures (others)
  5 toadstools (D:1)
5 creatures vanquished.

Grand Total: 23 creatures vanquished

Notes
Turn   | Place    | Note
-------+----------+-------------------------------------------
     0 | D:1      | Flugkiller the Felid Chaos Knight began the quest for the
                  | Orb.
     0 | D:1      | Reached XP level 1. HP: 10/10 MP: 2/2
    56 | D:1      | XOM: silly message
   221 | D:1      | XOM: harmless Summ miscast
   335 | D:1      | Reached XP level 2. HP: 14/14 MP: 3/3
   348 | D:1      | XOM: butterfly on damage
   352 | D:1      | XOM: silly message
   788 | D:1      | XOM: 1-stop teleportation journey
   823 | D:1      | XOM: confuse monster(s)
   824 | D:1      | Reached skill level 4 in Unarmed Combat
   827 | D:1      | Killed from afar by a dart slug

Levels and vault maps discovered:
D:1:      ldierk_walled_garden, layout_loops_ring

Skill      XL: |  1  2 |
---------------+-------+-----
Unarmed Combat | 4 |  4.0
Fighting       | |  3.0
Dodging        | |  3.2

Action                   || total
-------------------------++-------
Melee: Unarmed           ||    56
       Bite              ||     4
       Punch             ||     1
  Use: Potion            ||     2
 Stab: Sleeping          ||     1
  Eat: Chunk             ||     7
Armor: Skin              ||     1
Dodge: Dodged            ||    54

Table legend:
 A = Non-vault XP
 B = Vault XP
 C = Vault XP percentage of total XP
 D = Non-vault monster count
 E = Vault monster count
 F = Vault count percentage of total count
                 A         B        C        D         E       F
            +---------+---------+-------+---------+---------+-------
      Total |      30 |       0 |   0.0 |      18 |       0 |   0.0
            +---------+---------+-------+---------+---------+-------
        D:1 |      30 |       0 |   0.0 |      18 |       0 |   0.0
            +---------+---------+-------+---------+---------+-------
